 Dungeon Crawl Stone Soup version 0.27.1 (webtiles) character file.

Game seed: 4480133578603894907

61 hawla the Sneak (level 3, 0/22 HPs)
             Began as a Deep Elf Delver on Aug 26, 2021.
             Succumbed to an adder's poison
             ... on level 5 of the Dungeon.
             The game lasted 00:02:41 (611 turns).

hawla the Sneak (Deep Elf Delver)                    Turns: 611, Time: 00:02:41

Health: 0/22       AC:  3    Str:  9    XL:     3   Next: 83%
Magic:  5/5        EV: 12    Int: 15    God:
Gold:   19         SH:  0    Dex: 16    Spells: 2/2 levels left

rFire    . . .     SeeInvis .   a - +0 short sword
rCold    . . .     Faith    .   (no shield)
rNeg     . . .     Spirit   .   b - +0 leather armour
rPois    .         Reflect  .   (no helmet)
rElec    .         Harm     .   (no cloak)
rCorr    .         Rampage  .   (no gloves)
Will     .....                  (no boots)
Stlth    +++.......             (no amulet)
HPRegen  0.07/turn              (no ring)
MPRegen  0.09/turn              (no ring)

@: mighty, lethally poisoned (0 -> -2)
A: no striking features
a: no special abilities


You were on level 5 of the Dungeon.
You visited 1 branch of the dungeon, and saw 2 of its levels.

You collected 19 gold pieces.

Inventory:

Hand Weapons
 a - a +0 short sword (weapon)
Armour
 b - a +0 leather armour (worn)
Wands
 g - a wand of digging (2)
 h - a wand of flame (13)
Scrolls
 c - a scroll of fog
 e - a scroll of fear


   Skills:
 + Level 2.7 Fighting
 + Level 2.2 Short Blades
 + Level 2.6 Dodging
 + Level 7.3 Stealth


You had 2 spell levels left.
You didn't know any spells.
Your spell library was empty.

Dungeon Overview and Level Annotations

Branches:
Dungeon (5/15)             Temple (0/1) D:4

Altars:

Annotations:
D:4 Pikel


Message History

You completely miss the adder.
The adder is heavily wounded.
You feel sick. The adder bites you but does no damage. The adder misses you.
You miss the adder.
The adder is heavily wounded.
You feel sick. The adder bites you.
You hit the adder.
The adder is severely wounded.
You feel sick. The adder bites you.
You hit the adder but do no damage.
The adder is severely wounded.
You feel sick. The adder bites you.
You are more poisoned.
The adder poisons you!
It was a potion of might.
You feel very mighty all of a sudden.
You feel sick. The adder misses you. The adder bites you.
* * * LOW HITPOINT WARNING * * *
You closely miss the adder.
The adder is severely wounded.
* * * LOW HITPOINT WARNING * * *
You feel sick. The adder bites you but does no damage.
You barely miss the adder.
The adder is severely wounded.
* * * LOW HITPOINT WARNING * * *
You feel sick. The adder barely misses you.
You hit the adder.
You kill the adder!
* * * LOW HITPOINT WARNING * * *
You feel sick.
There is a lethal amount of poison in your body!
You aren't carrying any potions.
Unknown command.
Okay, then.
There is a lethal amount of poison in your body!
There is a lethal amount of poison in your body!
There is a lethal amount of poison in your body!
There is a lethal amount of poison in your body!
There is a lethal amount of poison in your body!
You die...

##########.#
#.≈l# .# #.#
#.≈.# #.#.# #.#
#...#.....#
#.###...#.....#
#.....#.......#
#####.#.#.....
#.#......
#.#..####
#..@.# #....#
##...# #####


There were no monsters in sight!

Vanquished Creatures
  A bullfrog skeleton (D:5)
  An iguana (D:5)
  An adder (D:5)
3 creatures vanquished.

Notes
Turn   | Place    | Note
-------+----------+-------------------------------------------
     0 | D:5      | hawla the Deep Elf Delver began the quest for the Orb.
     0 | D:5      | Reached XP level 1. HP: 13/13 MP: 3/3
    38 | D:5      | Reached XP level 2. HP: 11/18 MP: 4/4
   173 | D:5      | Reached skill level 7 in Stealth
   173 | D:5      | Reached XP level 3. HP: 22/22 MP: 5/5
   240 | D:4      | Noticed an ogre
   246 | D:4      | Noticed Pikel
   246 | D:4      | Noticed a lemure
   246 | D:4      | Noticed a lemure
   247 | D:4      | Noticed a lemure
   308 | D:5      | Noticed a phantom
   610 | D:5      | HP: 1/22 [poisoned by an adder]
   611 | D:5      | Succumbed to an adder's poison

Illustrated notes

Levels and vault maps discovered:
D:4:      minmay_clustersquares, layout_basic, doesnt_xom_only_xom,
          minmay_temple_entry_nine_rooms, nicolae_ossuary_entry_ruins,
          minmay_cupped, uniq_pikel
D:5:      layout_loops_ring, mainiacjoe_overflow_boulevard, serial_shops, shop

Skill      XL: |  1  2 |
---------------+-------+-----
Stealth        | 7 |  7.3
Fighting       | |  2.7
Short Blades   | |  2.2
Dodging        | |  2.6

Action                   || total
-------------------------++-------
Melee: Short sword       ||    26
Evoke: Wand              ||     1
  Use: Potion            ||     2
       Scroll            ||     1
 Stab: Sleeping          ||     1
Armor: Leather armour    ||     4
Dodge: Dodged            ||    18
